 Dungeon Crawl Stone Soup version 0.14.0-12-g87ee3b7 (webtiles) character file.

116 MDvedh the Cudgeler (level 3, 0/29 HPs)
             Began as a Demonspawn Berserker on Apr 15, 2014.
             Was a Believer of Trog.
             Killed from afar by an orc wizard (2 damage)
             ... with a puff of flame
             ... on Level 3 of the Dungeon.
             The game lasted 00:04:00 (1905 turns).

MDvedh the Cudgeler (Demonspawn Berserker)          Turns: 1905, Time: 00:04:00

HP   0/29        AC  8     Str 18      XL: 3   Next: 73%
MP   3/3         EV  9     Int  8      God: Trog [**....]
Gold 59          SH  7     Dex 12      Spells:  0 memorised,  2 levels left

rFire  . . .     SeeInvis .     g - +1,+0 mace (crush)
rCold  . . .     Clarity  .     s - +0 ring mail (curse)
rNeg   . . .     Conserve .     o - +1 buckler {AC+3}
rPois  .         rCorr    .     (helmet restricted)
rElec  .         rRot     .     (no cloak)
SustAb . .       Spirit   .     (no gloves)
rMut   .         Warding  .     (no boots)
Saprov . . .     Stasis   .     (no amulet)
MR     .....                    (no ring)
                                (no ring)

@: exhausted, slowed, very slow, not resistant to hostile enchantments,
extremely unstealthy
A: horns 1, demonic guardian 1
a: Burn Spellbooks, Berserk, Trog's Hand, Renounce Religion


You were on level 3 of the Dungeon.
You worshipped Trog.
Trog was pleased with you.
You were not hungry.

You visited 1 branch of the dungeon, and saw 3 of its levels.

You collected 59 gold pieces.

Inventory:

Hand weapons
 a - a +0,+0 mace
 g - a +1,+0 mace of crushing (weapon)
Armour
 o - a +1 buckler of protection (worn)
 s - a cursed +0 ring mail (worn)
Comestibles
 c - 3 bread rations
 d - a pear
 f - a choko
 m - a lemon
 n - 2 apples
Scrolls
 e - a scroll of amnesia {unknown}
 i - a scroll of magic mapping {unknown}
 j - 4 scrolls of identify {unknown}
 k - 3 scrolls of random uselessness {unknown}
 l - 2 scrolls of blinking {unknown}
 p - a scroll of immolation {unknown}
Potions
 h - a potion of invisibility {unknown}
 q - a potion of curing {unknown}
 r - a potion of brilliance {unknown}


   Skills:
 - Level 3.0 Fighting
 + Level 4.3 Maces & Flails
 - Level 1.7 Armour
 - Level 1.7 Dodging


You had 2 spell levels left.
You didn't know any spells.

Dungeon Overview and Level Annotations

Branches:
Dungeon (3/15)

Altars:
Elyvilon


Innate Abilities, Weirdness & Mutations

You have a pair of small horns on your head.
A weak demonic guardian rushes to your aid.


Message History

Something completely misses you.
You can move again.
Drink which item? (? for menu, Esc to quit)
Okay, then.
Use which ability? (? or * to list)
A red film seems to cover your vision as you go berserk!
You feel yourself moving faster!
You feel mighty!
You feel somewhat more hungry. Something hits you.
* * * LOW HITPOINT WARNING * * *
You blink.
You start resting.
You feel a strong urge to attack something.
You feel your anger subside.
You are no longer berserk.
You are exhausted.
You feel yourself slow down.
You miss something. You headbutt something. You block its attack.
You hear some strange, mumbled words.
The puff of flame hits you!
You die...

#.#
#.....#...
#.#
#<....#
#.#
#.........
#.#
#...###..
#.###...#
#
#...#...#
#...#.###
#...{.####
####@....#
#.....#
#.....#
#...###
#####


There were no monsters in sight!

Vanquished Creatures
  An orc wizard (D:2)
  A worm (D:2)
  2 orcs (D:2)
  A ball python (D:1)
  A giant cockroach (D:1)
  3 goblins
  4 hobgoblins
  2 bats (D:1)
  2 giant newts (D:1)
  5 kobolds (D:2)
  5 rats (D:1)
27 creatures vanquished.

Vanquished Creatures (others)
  A crimson imp (D:3)
1 creature vanquished.

Grand Total: 28 creatures vanquished

Notes
Turn   | Place    | Note
--------------------------------------------------------------
     0 | D:1      | MDvedh, the Demonspawn Berserker, began the quest for the Orb.
     0 | D:1      | Reached XP level 1. HP: 18/18 MP: 1/1
   610 | D:1      | Gained mutation: You have a pair of small horns on your head. [demonic ancestry]
   610 | D:1      | Reached XP level 2. HP: 21/24 MP: 2/2
  1126 | D:2      | Found a white marble altar of Elyvilon.
  1292 | D:2      | Acquired Trog's second power
  1702 | D:2      | Gained mutation: A weak demonic guardian rushes to your aid. [demonic ancestry]
  1702 | D:2      | Reached XP level 3. HP: 21/29 MP: 3/3
  1703 | D:2      | Reached skill level 4 in Maces & Flails
  1898 | D:3      | Paralysed by a potion of paralysis for 3 turns
  1901 | D:3      | HP: 1/43 [something (2)]
  1905 | D:3      | Killed from afar by an orc wizard

Action                   || total
-------------------------++-------
Melee: Mace              ||    58
Invok: Berserk           ||     2
  Use: Scroll            ||     1
       Potion            ||     1
